 Dungeon Crawl Stone Soup version 0.31-a0-261-g072fdb8a1f (webtiles) character file.

Game seed: 6973237500757682780

476 gruber the Ruffian (level 6, 0/55 HPs)
             Began as a Troll Shapeshifter on July 13, 2023.
             Was a Priest of Uskayaw.
             Slain by a lemure (5 damage)
             ... led by Pikel
             ... on level 5 of the Dungeon.
             The game lasted 00:03:24 (2986 turns).

gruber the Ruffian (Troll Shapeshifter)             Turns: 2986, Time: 00:03:24

Health: 0/55       AC:  6    Str: 26    XL:     6   Next: 84%
Magic:  5/5        EV:  9    Int:  4    God:    Uskayaw [***...]
Gold:   168        SH:  0    Dex: 10    Spells: 5/5 levels left

rFire   . .          .
                       - Unarmed
rCold   + . .        (no shield)
rNeg    . . .        n - +2 animal skin
rPois   .            (helmet currently unavailable)
rElec   .            (cloak currently unavailable)
rCorr   .            (gloves unavailable)
SInv    .            (boots unavailable)
Will    .....        (no amulet)
Stlth   +            g - ring of protection from cold
HPRegen 1.09/turn    (no ring)
MPRegen 0.09/turn

%: no passive effects
@: beast-form
A: beast (slay +2), large, unfitting armour, claws 3, regeneration 1, shaggy fur
1, tough skin 1
a: Begin Untransformation, Renounce Religion, Stomp, Line Pass


You were on level 5 of the Dungeon.
You worshipped Uskayaw.
Uskayaw was noncommittal.
You were a hulking beast.
You visited 1 branch of the dungeon, and saw 5 of its levels.

You collected 168 gold pieces.

Inventory:

Armour
 n - a +2 animal skin (worn)
Jewellery
 g - a ring of protection from cold (left claw)
Talismans
 c - a beast talisman
Scrolls
 d - 3 scrolls of poison {unknown}
 e - 3 scrolls of fear {unknown}
 f - 3 scrolls of fog {unknown}
 i - 2 scrolls of teleportation {unknown}
 j - a scroll of enchant armour {unknown}
 k - 3 scrolls of identify {unknown}
 l - a scroll of summoning {unknown}
 m - 3 scrolls of noise {unknown}
 o - 2 scrolls of amnesia {unknown}
 r - 2 scrolls of immolation {unknown}
Potions
 a - 2 potions of mutation {unknown}
 b - a potion of lignification
 h - a potion of might {unknown}
 p - 3 potions of heal wounds {unknown}
 q - a potion of invisibility {unknown}
 s - a potion of degeneration {unknown}
 t - 2 potions of ambrosia {unknown}


   Skills:
 - Level 1.5 Fighting
 - Level 1.5 Dodging
 + Level 7.5 Unarmed Combat
 - Level 3.0 Shapeshifting


You had 5 spell levels left.
You didn't know any spells.
Your spell library contained the following spells:

 Spells                   Type           Power      Damage    Failure   Level
 Freeze                   Ice            0%         1d3       50%         1
 Frozen Ramparts          Ice            0%         1d1       86%         3
 Hailstorm                Conj/Ice       0%         3d3       86%         3


Dungeon Overview and Level Annotations

Branches:
Dungeon (5/15)
 Temple: D:4-7

Altars:
Dithmenos
Qazlal
Uskayaw
Wu Jian
Xom
Zin

Shops:
D:2 :   D:4 =

Annotations:
D:5 Pikel


Innate Abilities, Weirdness & Mutations

You are a hulking beast.
Your limbs bulge with bestial killing power. (Slay +2)
You are too large for most types of armour.
You have claws for hands.
Your natural rate of healing is unusually fast.
You are covered in fur. (AC +1)
You have tough skin. (AC +1)


Message History

You scratch the lemure.
The lemure is moderately wounded.
The lemure barely misses you.
You can now pass through a line of other dancers.
You mangle the lemure!!
You kill the lemure!
That felt strangely unrewarding.
You swing at nothing.
You completely miss Pikel. Pikel hits you but does no damage.
You are electrocuted!!
You barely miss Pikel.
Pikel hits you with a +1 whip of electrocution.
You are electrocuted!
You closely miss Pikel.
Pikel hits you with a +1 whip of electrocution!
* * * LOW HITPOINT WARNING * * *
You mangle Pikel!!
Pikel is heavily wounded.
Uskayaw will force your foes to helplessly watch your dance.
Uskayaw prepares the audience for your solo!
The helpless Pikel fails to defend himself.
You scratch Pikel but do no damage.
Pikel is heavily wounded.
Pikel is no longer paralysed.
The lemure is no longer paralysed. x2
Pikel closely misses you.
You completely miss Pikel.
Pikel is heavily wounded.
Pikel barely misses you.
You claw Pikel!
Pikel is severely wounded.
You hear the slow hiss of a very distant avalanche of sand.
Pikel hits you with a +1 whip of electrocution.
* * * LOW HITPOINT WARNING * * *
You are electrocuted!
* * * LOW HITPOINT WARNING * * *
The lemure hits you but does no damage.
You scratch Pikel but do no damage.
Pikel is severely wounded.
The lemure hits you.
You die...

##.## #... #.# ##..
###.# #.. ##...# #.# # #
#....# #.. #.#.####
#...## ##. # .. ...#
#.≈..## ##..
....#.##5###.≈...## #...
.....5Kh.....≈......+...
.....5##.###.≈...####...
#.... #.# #....## ##..
###. #.# #...## ##. #
#.# #.#.# ## ..# #.#.# #
### #.#.# .#.#


You could see Pikel and 3 lemures.

Vanquished Creatures
  A lemure (D:5)
  2 scorpions (D:4)
  A jelly (D:4)
  Crazy Yiuf (D:2)
  3 iguanas
  An orc wizard (D:3)
  Robin (D:2)
  4 gnolls (D:3)
  5 adders
  3 dart slugs
  A worm (D:3)
  5 orcs
  6 endoplasms
  3 giant cockroaches (D:2)
  18 goblins
  9 hobgoblins
  2 quokkas
  6 ball pythons
  2 bats (D:1)
  5 frilled lizards
  8 kobolds
  7 rats
94 creatures vanquished.

Notes
Turn   | Place    | Note
-------+----------+-------------------------------------------
     0 | D:1      | gruber the Troll Shapeshifter began the quest for the Orb.
     0 | D:1      | Reached XP level 1. HP: 19/19 MP: 0/0
    74 | D:1      | Reached XP level 2. HP: 27/27 MP: 1/1
   111 | D:1      | Reached skill level 3 in Unarmed Combat
   633 | D:2      | Noticed Robin
   635 | D:2      | Reached XP level 3. HP: 33/33 MP: 2/2
   669 | D:2      | Killed Robin
   680 | D:2      | Reached skill level 4 in Unarmed Combat
   695 | D:2      | Found a faded altar of an unknown god.
   802 | D:2      | Found a hide-covered altar of Uskayaw.
   809 | D:2      | Reached XP level 4. HP: 41/41 MP: 3/3
   908 | D:2      | Became a worshipper of Uskayaw the Reveller
   982 | D:2      | Found Luryhy's Book Shoppe.
  1022 | D:2      | Reached * piety under Uskayaw
  1114 | D:2      | Found a runed translucent door.
  1115 | D:2      | Noticed Crazy Yiuf
  1537 | D:2      | Killed Crazy Yiuf
  1537 | D:2      | Reached ** piety under Uskayaw
  1587 | D:3      | Reached skill level 5 in Unarmed Combat
  1606 | D:3      | Found a shimmering altar of Xom.
  1631 | D:3      | Reached XP level 5. HP: 37/48 MP: 4/4
  1631 | D:3      | Reached *** piety under Uskayaw
  1850 | D:3      | Reached skill level 6 in Unarmed Combat
  2101 | D:4      | Reached XP level 6. HP: 55/55 MP: 5/5
  2269 | D:4      | Found a stormy altar of Qazlal.
  2275 | D:4      | Found a glowing silver altar of Zin.
  2278 | D:4      | Found an ornate altar of the Wu Jian Council.
  2304 | D:4      | Found a shadowy altar of Dithmenos.
  2375 | D:4      | Reached skill level 7 in Unarmed Combat
  2385 | D:4      | Found Muisoun's Jewellery Shoppe.
  2934 | D:5      | Entered Level 5 of the Dungeon
  2974 | D:5      | Noticed Pikel
  2986 | D:5      | Slain by a lemure

Illustrated notes

Levels and vault maps discovered:
D:1:      amcnicky_arrival_double_pillar, layout_basic
D:2:      layout_basic, basic_altar, basic_ecumenical_altar, serial_shops,
          nicolae_book_shop_shelving, uniq_crazy_yiuf_cottage, uniq_robin
D:3:      layout_rooms, lemuel_crystal_altar
D:4:      layout_basic, nicolae_dithmenos_shadow_blocks,
          minmay_overflow_temple_star_quad, serial_shops, kennysheep_mini
D:5:      layout_loops_corners, mainiacjoe_overflow_boulevard,
          nicolae_ossuary_entry_giza, minmay_misc_feat_tiny, st_stairs_7,
          uniq_pikel

Skill      XL: |  1  2  3  4  5  6 |
---------------+-------------------+-----
Unarmed Combat | 3 4 5 6 7 |  7.5
Fighting       | |  1.5
Dodging        | |  1.5
Shapeshifting  | |  3.0

Action                     |  1- 3 |  4- 6 || total
---------------------------+-------+-------++-------
  Melee: Unarmed           |    96 |   124 ||   220
         Punch             |       |     3 ||     3
   Stab: Sleeping          |     2 |     1 ||     3
         Distracted        |     1 |       ||     1
         Paralysed         |       |     2 ||     2
 Armour: Animal skin       |    29 |    33 ||    62
  Dodge: Dodged            |    42 |    46 ||    88

Table legend: (Time is in decaauts)
 A = Elapsed time spent in this place.
 B = Non-inter-level travel time spent in this place.
 C = Inter-level travel time spent in this place.
 D = Time resting spent in this place.
 E = Time spent auto-exploring this place.
 F = Levels seen in this place.
 G = Mean time per level.
                   A        B        C        D        E       F      G
               +--------+--------+--------+--------+--------+-----+--------+
         Total |   2965 |   2850 |    115 |      5 |   2355 |   5 |  593.0 |
       Dungeon |   2965 |   2850 |    115 |      5 |   2355 |   5 |  593.0 |
               +--------+--------+--------+--------+--------+-----+--------+

Top non-repeatable levels by time:
     D:2: 951 daAuts
     D:4: 902 daAuts
     D:1: 625 daAuts
     D:3: 436 daAuts
     D:5: 50 daAuts
